 Dungeon Crawl Stone Soup version 0.28-a0-8-g6e044cfa68 (webtiles) character file.

Game seed: 6151292951524978433

5342 lunkers the Covert (level 10, -9/77 HPs)
             Began as a Vampire Delver on July 23, 2021.
             Was a Priest of Okawaru.
             Mangled by an orc knight (21 damage)
             ... in a bailey.
             The game lasted 00:18:10 (8209 turns).

lunkers the Covert (Vampire Delver)                 Turns: 8209, Time: 00:18:11

Health: -9/77      AC:  7    Str: 11    XL:     10   Next: 38%
Magic:  11/13      EV: 19    Int: 17    God:    Okawaru [***...]
Gold:   526        SH: 12    Dex: 21    Spells: 9/9 levels left

rFire   . . .      SeeInvis +   b - +4 dagger (elec)
rCold   + . .      Faith    .   N - +2 kite shield
rNeg    + + .      Spirit   .   h - +2 robe of Quantum Leap {rN+ Regen+}
rPois   .          Reflect  .   u - +0 helmet
rElec   .          Harm     .   (no cloak)
rCorr   .          Rampage  .   (no gloves)
Will    +....                   k - +1 pair of boots of Decompression {rC+ Int+3 Dex+3 Stlth+}
Stlth   ++++++++..              (no amulet)
HPRegen 1.42/turn               I - ring of positive energy
MPRegen 0.13/turn               (no ring)

@: lethally poisoned (-9 -> -22), about to teleport, heroic, healing quickly
A: alive, fangs 3, see invisible, vampiric 2
a: Exsanguinate, Renounce Religion, Heroism


You were in a bailey.
You worshipped Okawaru.
Okawaru was most pleased with you.
You visited 2 branches of the dungeon, and saw 10 of its levels.
You also visited: Bailey.

You collected 526 gold pieces.

Inventory:

Hand Weapons
 a - a +5 dagger of freezing
 b - a +4 dagger of electrocution (weapon)
 w - a +3 scimitar
 x - a +0 short sword
Missiles
 G - 4 atropa-tipped darts
 J - a curare-tipped dart
 L - 2 throwing nets
Armour
 h - the +2 robe of Quantum Leap (worn) {rN+ Regen+}
   (You found it on level 5 of the Dungeon)

   rN:        It protects you from negative energy.
   Regen:     It increases your rate of health regeneration.
 k - the +1 pair of boots of Decompression (worn) {rC+ Int+3 Dex+3 Stlth+}
   (You acquired it on level 9 of the Dungeon)

   Int:       It affects your intelligence (+3).
   Dex:       It affects your dexterity (+3).
   rC:        It protects you from cold.
   Stlth:     It makes you more stealthy.
 s - a +2 scale mail of cold resistance
 u - a +0 helmet (worn)
 y - a +1 pair of boots
 A - a +2 ring mail of fire resistance
 B - a +4 scale mail
 N - a +2 kite shield (worn)
Jewellery
 e - a ring of ice
 I - a ring of positive energy (left hand)
Wands
 g - a wand of digging (7)
 t - a wand of mindburst (15)
 v - a wand of paralysis (8)
 H - a wand of polymorph (3)
 K - a wand of flame (24)
Scrolls
 c - 2 scrolls of fog
 d - 4 scrolls of magic mapping
 l - a scroll of immolation
 o - 3 scrolls of identify
 r - a scroll of enchant armour
 C - a scroll of vulnerability
 E - a scroll of enchant weapon
Potions
 f - 3 potions of haste
 i - 5 potions of curing
 j - 2 potions of magic
 m - a potion of invisibility
 n - a potion of brilliance
 p - 2 potions of mutation
 z - 3 potions of heal wounds
 D - 2 potions of might
 F - 2 potions of flight
 M - 4 potions of attraction


   Skills:
 + Level 6.4(11.4) Fighting
 - Level 10.0(15.0) Short Blades
 + Level 7.2(12.2) Dodging
 + Level 12.9(17.9) Stealth
 * Level 0.4(5.4) Shields
 - Level 4.0 Invocations
 + Level 2.0 Evocations


You had 9 spell levels left.
You didn't know any spells.
Your spell library contained the following spells:

 Spells                   Type           Power      Damage    Failure   Level
 Slow                     Hex            0%         N/A       77%         2
 Static Discharge         Conj/Air       0%         N/A       77%         2
 Confusing Touch          Hex            0%         N/A       94%         3
 Dazzling Flash           Conj/Hex       0%         N/A       94%         3
 Iskenderun's Mystic Bla  Conj/Tloc      0%         2d3       100%        4
 Lightning Bolt           Conj/Air       0%         1d11      100%        5
 Yara's Violent Unravell  Hex/Tmut       0%         3d3       100%        5
 Starburst                Conj/Fire      0%         8x6d3     100%        6
 Maxwell's Capacitive Co  Air            0%         ∞         100%        8


Dungeon Overview and Level Annotations

Branches:
Dungeon (9/15)             Temple (1/1) D:6             Orc (0/2) D:9
 Bailey (1/1)
   Lair: D:8-11

Altars:
Ashenzari
Cheibriados
Dithmenos
Elyvilon
Fedhas
Gozag
Hepliaklqana
Kikubaaqudgha
Makhleb
Nemelex Xobeh
Okawaru
Qazlal
Ru
Sif Muna
Trog
Uskayaw
Vehumet
Wu Jian
Xom
Yredelemnul
Zin
The Shining One


Innate Abilities, Weirdness & Mutations

Your natural rate of healing is accelerated.
You have razor-sharp teeth.
You have supernaturally acute eyesight. (SInv)
You are afflicted with vampirism and can become a bat while bloodless.


Message History

The orc warrior goes into a battle-frenzy!
Aiming: Polymorph
Press: ? - help, Shift-Dir - straight line, f/p - orc knight
Aim: an orc knight, wielding a +0 halberd and wearing a +0 scale mail (strong, will become a salamander, a snapping turtle, or a redback, chance to affect: 34%)
The orc knight evaporates and reforms as a redback!
The orc knight no longer looks unusually strong.
The orc knight roars a battlecry!
The orc knight goes into a battle-frenzy!
There is an open door here.
Aiming: Polymorph
Press: ? - help, Shift-Dir - straight line, f - orc knight, p - redback
Aim: an orc knight, wielding a +0 glaive and wearing a +0 plate armour (strong, will become a floating eye, a guardian serpent, or a lindwurm, chance to affect: 34%)
The orc knight evaporates and reforms as a guardian serpent!
The orc warrior no longer looks unusually strong.
The guardian serpent coils itself and waves its upper body at you.
The redback blinks!
The orc warrior blinks! x2; The orc knight blinks!
The orc warrior hits you with a +0 halberd!!!
* * * LOW HITPOINT WARNING * * *
The orc warrior misses you. You block the orc knight's attack.
The redback bites you.
* * * LOW HITPOINT WARNING * * *
Unknown command.
Unknown command.
Okay, then.
As you read the scroll of teleportation, it crumbles to dust.
You feel strangely unstable. You block the orc warrior's attack.
The orc warrior hits you with a +0 halberd!!
* * * LOW HITPOINT WARNING * * *
The redback bites you.
* * * LOW HITPOINT WARNING * * *
You are lethally poisoned!
The redback poisons you! You block the orc knight's attack.
Unknown command.
You gain the combat prowess of a mighty hero.
* * * LOW HITPOINT WARNING * * *
You feel extremely sick. You block the redback's attack.
You block the orc warrior's attack. The orc warrior completely misses you.
The orc knight hits you with a +0 glaive!!
You die...

#.≈..##..)##..§≈≈≈≈≈≈.. #
#.≈≈..##.#'..§≈.....≈≈. ##
##.≈≈..#'#..≈§...⌠...≈≈ #.
#∩.≈≈..#'#..≈§)§⌠∩⌠..≈≈ #.
#.≈≈..##.##..≈≈S....≈≈. ##
#.≈..##...##..≈≈≈≈≈≈≈.. #
#.≈.##.....##)........#
#.≈.#########o###'###########
#.≈........o@##.....##.......
#.≈≈≈≈≈≈≈≈≈≈so##.∩.##..≈≈≈≈≈≈
#..........≈≈..## ##..≈≈.....
##########..≈≈..###o.≈≈..####
##..≈≈.....≈≈..##
##..≈≈≈≈≈≈≈..## ##.........##
###########


You could see an orc knight, a guardian serpent, 2 orc warriors and a redback.

Vanquished Creatures
  Harold (D:9)
  A two-headed ogre (D:9)
  Grinder (D:3)
  A wyvern (D:7)
  A shadow (D:7)
  Edmund (D:4)
  An orc warrior (Bailey)
  A sky beast (D:8)
  2 necrophages
  An ogre (D:6)
  4 centaurs
  2 kobold brigands (D:9)
  A scorpion (D:4)
  3 bullfrogs
  A gnoll sergeant (D:7)
  A wyvern skeleton (D:6)
  17 killer bees
  14 wights
  A bullfrog zombie (D:5)
  3 jellies
  3 hounds
  2 orc priests (D:9)
  A bullfrog skeleton (D:5)
  A centaur skeleton (D:7)
  An iguana (D:5)
  Jessica (D:3)
  Natasha (twice) (D:2)
  2 orc wizards
  A killer bee zombie (D:7)
  8 gnolls
  3 howler monkey skeletons
  5 adders
  A river rat (D:3)
  A white imp (D:6)
  3 worms
  12 dart slugs
  27 orcs
  4 bats
  4 endoplasms
  4 giant cockroaches
  7 hobgoblins
  17 jackals
  9 quokkas
  7 ball pythons
  3 frilled lizards
  8 goblins
  15 kobolds
  4 rats
214 creatures vanquished.

Vanquished Creatures (others)
  An orc (D:9)
1 creature vanquished.

Grand Total: 215 creatures vanquished

Notes
Turn   | Place    | Note
-------+----------+-------------------------------------------
     0 | D:5      | lunkers the Vampire Delver began the quest for the Orb.
     0 | D:5      | Reached XP level 1. HP: 17/17 MP: 1/1
    29 | D:5      | Noticed a centaur
    31 | D:5      | Noticed a hound
   104 | D:5      | Identified the +2 robe of Quantum Leap {rN+ Regen+}
   215 | D:3      | Reached XP level 2. HP: 20/23 MP: 2/2
   410 | D:2      | Found a faded altar of an unknown god.
   418 | D:2      | Gained mutation: You are afflicted with vampirism and can
                  | become a bat while bloodless. [Vampire growth]
   418 | D:2      | Reached XP level 3. HP: 28/28 MP: 3/3
   749 | D:1      | Reached skill level 8 in Stealth
  1232 | D:2      | Reached XP level 4. HP: 34/34 MP: 4/4
  1320 | D:2      | Noticed Natasha
  1741 | D:2      | Killed Natasha
  1764 | D:2      | Reached XP level 5. HP: 39/39 MP: 5/5
  1782 | D:2      | Noticed Natasha
  1821 | D:2      | HP: 1/39 [Natasha/magic dart (7)]
  1872 | D:2      | Upgraded the game from 0.28-a0-2-g643f2454ad to
                  | 0.28-a0-8-g6e044cfa68
  1894 | D:2      | Killed Natasha
  1895 | D:2      | Reached skill level 5 in Short Blades
  2141 | D:3      | Noticed a necrophage
  2180 | D:3      | Killed a necrophage
  2181 | D:3      | Reached skill level 9 in Stealth
  2181 | D:3      | Reached XP level 6. HP: 42/46 MP: 6/6
  2388 | D:3      | Noticed Grinder
  2421 | D:3      | Killed Grinder
  2474 | D:3      | Noticed Jessica
  2521 | D:3      | Killed Jessica
  2579 | D:3      | Reached XP level 7. HP: 51/51 MP: 7/7
  2923 | D:4      | Noticed Edmund
  2931 | D:4      | Killed Edmund
  2932 | D:4      | Reached skill level 10 in Stealth
  3601 | D:4      | Reached XP level 8. HP: 52/58 MP: 8/8
  4687 | D:6      | Reached skill level 11 in Stealth
  4693 | D:6      | Found a staircase to the Ecumenical Temple.
  4728 | Temple   | Entered the Ecumenical Temple
  5000 | Temple   | Became a worshipper of Warmaster Okawaru
  5704 | D:7      | Reached skill level 1 in Invocations
  5757 | D:7      | Reached * piety under Okawaru
  6009 | D:7      | Reached XP level 9. HP: 41/64 MP: 10/10
  6345 | D:7      | Found a basalt altar of Yredelemnul.
  6633 | D:7      | Found a shimmering altar of Xom.
  6633 | D:7      | Found a radiant altar of Vehumet.
  6633 | D:7      | Found a hazy altar of Hepliaklqana.
  6633 | D:7      | Found a sparkling altar of Nemelex Xobeh.
  6641 | D:7      | Found an ornate altar of the Wu Jian Council.
  6646 | D:7      | Found a blossoming altar of Fedhas.
  6709 | D:8      | Found a stormy altar of Qazlal.
  6880 | D:8      | Reached skill level 5 in Dodging
  7071 | D:8      | Reached skill level 12 in Stealth
  7077 | D:8      | Reached ** piety under Okawaru
  7277 | D:8      | Reached skill level 5 in Fighting
  7536 | D:9      | Identified a scroll of acquirement
  7536 | D:9      | Acquired the +1 pair of boots of Decompression {rC+ Int+3
                  | Dex+3 Stlth+}
  7552 | D:9      | Reached skill level 10 in Short Blades
  7634 | D:9      | Noticed a two-headed ogre
  7641 | D:9      | Killed a two-headed ogre
  7642 | D:9      | Reached XP level 10. HP: 76/76 MP: 10/13
  7655 | D:9      | Reached *** piety under Okawaru
  7657 | D:9      | Noticed Harold
  7675 | D:9      | Killed Harold
  7676 | D:9      | Reached skill level 1 in Evocations
  7867 | D:9      | Found a flagged portal.
  7884 | Bailey   | Entered a bailey
  8039 | Bailey   | Noticed an orc knight
  8039 | Bailey   | Noticed an orc knight
  8040 | Bailey   | Noticed an orc knight
  8203 | Bailey   | an orc knight changed into a redback
  8206 | Bailey   | Noticed a guardian serpent
  8206 | Bailey   | an orc knight changed into a guardian serpent
  8209 | Bailey   | Mangled by an orc knight

Illustrated notes

Levels and vault maps discovered:
D:1:      lightli_arrival_farm, layout_basic
D:2:      layout_basic, shapermc_ecumenical_altar_mp_highgroup,
          chequers_serial_rivers_micro_d, wad_floor_pattern_2, uniq_natasha
D:3:      kennysheep_slugbush, layout_basic, serial_corexii_hall,
          corexii_hall_statues_t, corexii_hall_statues_l, portal_sewer_entry_a,
          uniq_grinder, uniq_jessica
D:4:      layout_cave_pools, serial_column_ruins, column_ruins_hut_ruined,
          column_ruins_hut_ruined, column_ruins_open_small,
          column_ruins_columns_T, column_ruins_grid_1,
          column_ruins_corridor_straight, column_ruins_columns_water,
          column_ruins_corridor_plus, uniq_edmund
D:5:      layout_loops_corners, hangedman_decor_points, hangedman_decor_lopped,
          kennysheep_generic_room_2
D:6:      layout_basic, temple_fountains
D:7:      layout_basic, minmay_overflow_temple_hex, marbit_many_paths
D:8:      layout_cave_pools, grunt_qazlal_clouds
D:9:      layout_grid_maze, orc_david_3, enter_bailey_3,
          hangedman_decor_growths, uniq_grum, uniq_harold, uniq_psyche
Temple:   minmay_temple_curvy_branch
Bailey:   bailey_polearm_1, bailey

Skill      XL: |  1  2  3  4  5  6  7  8  9 10 |
---------------+-------------------------------+-----
Short Blades   | 3 4 5 6 8 9 10 | 10.0
Stealth        | 8 9 10 11 12 | 12.9
Fighting       | 3 4 5 6 |  6.4
Dodging        | 4 6 7 |  7.2
Invocations    | 2 4 |  4.0
Evocations     | 2 |  2.0
Shields        | |  0.4

Action                   |  1- 3 |  4- 6 |  7- 9 | 10-12 || total
-------------------------+-------+-------+-------+-------++-------
Melee: Short sword       |   141 |   252 |   125 |       ||   518
       Bite              |    11 |    19 |    56 |     8 ||    94
       Unarmed           |       |    11 |       |       ||    11
       Dagger            |       |       |   384 |   104 ||   488
       Punch             |       |       |     1 |     1 ||     2
Invok: Heroism           |       |       |     3 |     2 ||     5
Evoke: Wand              |       |       |     6 |    16 ||    22
  Use: Scroll            |       |     1 |    20 |     2 ||    23
 Stab: Sleeping          |    11 |       |    25 |       ||    36
       Distracted        |       |     1 |       |       ||     1
       Paralysed         |       |       |     1 |       ||     1
Armor: Robe              |    47 |    70 |   101 |    30 ||   248
Dodge: Dodged            |   111 |   152 |   285 |   110 ||   658
Block: Kite shield       |       |       |       |    38 ||    38

Table legend: (Time is in decaauts)
 A = Elapsed time spent in this place.
 B = Non-inter-level travel time spent in this place.
 C = Inter-level travel time spent in this place.
 D = Time resting spent in this place.
 E = Time spent auto-exploring this place.
 F = Levels seen in this place.
 G = Mean time per level.
                   A        B        C        D        E       F      G
               +--------+--------+--------+--------+--------+-----+--------+
         Total |   7974 |   7521 |    453 |    178 |   4988 |  11 |  724.9 |
       Dungeon |   7358 |   6955 |    403 |    152 |   4725 |   9 |  817.6 |
        Temple |    297 |    247 |     50 |      0 |    246 |   1 |  297.0 |
        Bailey |    318 |    318 |      0 |     26 |     17 |   1 |  318.0 |
               +--------+--------+--------+--------+--------+-----+--------+

Top non-repeatable levels by time:
     D:3: 1199 daAuts
     D:7: 1183 daAuts
     D:2: 1014 daAuts
     D:5: 909 daAuts
     D:6: 720 daAuts
     D:8: 708 daAuts
     D:1: 708 daAuts
     D:4: 670 daAuts
  Bailey: 318 daAuts
  Temple: 297 daAuts
     D:9: 243 daAuts
